TOP OF THE 1ST |
Houston Astros batting - Pitching for Boston Red Sox : RHP Jeremy Hernandez
|
Pitching: RHP Jeremy Hernandez
|
|
Batting: LHB Josh Corkery
|
0-0: Bunted foul 0-1: Fly out, F9 (Line Drive, 9LS, EV 88.1 MPH)
|
Batting: LHB Mark Dearth
|
0-0: Foul Ball, location: 2F 0-1: Called Strike 0-2: Ball 1-2: Ball 2-2: Foul Ball, location: 2F 2-2: Foul Ball, location: 2F 2-2: DOUBLE (Groundball, 3L, EV 111.2 MPH)
|
Batting: SHB Joe Gardner
|
0-0: Swinging Strike 0-1: Fly out, F8 (Flyball, 8RXD, EV 102.5 MPH)
|
Batting: LHB Bob Govella
|
0-0: Swinging Strike 0-1: Foul Ball, location: 2F 0-2: Foul Ball, location: 2F 0-2: Foul Ball, location: 2F 0-2: SINGLE (Line Drive, 8RS, EV 95.0 MPH) Mark Dearth to third
|
Batting: RHB Hiroshige Yamada
|
0-0: Ball 1-0: Ball 2-0: Swinging Strike 2-1: Ball 3-1: Base on Balls Bob Govella to second
|
Batting: LHB Eric Katz
|
0-0: Swinging Strike 0-1: Ball 1-1: Ball 2-1: Swinging Strike 2-2: Foul Ball, location: 2F 2-2: Strikes out swinging
|
Top of the 1st over - 0 runs, 2 hits, 0 errors, 3 left on base; Houston 0 - Boston 0 |
BOTTOM OF THE 1ST |
Boston Red Sox batting - Pitching for Houston Astros : LHP Lance Crumpton
|
Pitching: LHP Lance Crumpton
|
|
Batting: RHB Alois Wollf
|
0-0: Ball 1-0: SINGLE (Groundball, 5S, EV 71.9 MPH) (infield hit)
|
Batting: RHB Andrew Robinson
|
0-0: Called Strike Alois Wollf is caught stealing 2nd base 2-4 0-1: Ball 1-1: Ball 2-1: Ground out 5-3 (Groundball, 15, EV 85.0 MPH)
|
Batting: RHB David Price Jr.
|
0-0: Called Strike 0-1: Foul Ball, location: 2F 0-2: Ball 1-2: Foul Ball, location: 2F 1-2: Ball 2-2: DOUBLE (Line Drive, 9LS, EV 101.9 MPH)
|
Batting: RHB Jose Diaz
|
0-0: Ball 1-0: Ball 2-0: 2-RUN HOME RUN (Flyball, 7D, EV 96.2 MPH), Distance : 392 ft
|
Batting: LHB Kevin McCormic Jr.
|
0-0: Ball 1-0: Called Strike 1-1: Swinging Strike 1-2: Strikes out swinging
|
Bottom of the 1st over - 2 runs, 3 hits, 0 errors, 0 left on base; Houston 0 - Boston 2 |
TOP OF THE 2ND |
Houston Astros batting - Pitching for Boston Red Sox : RHP Jeremy Hernandez
|
Batting: LHB Bryce Hill
|
0-0: Ball 1-0: Ball 2-0: Called Strike 2-1: Swinging Strike 2-2: Strikes out swinging
|
Batting: RHB Jeremy Trump
|
0-0: Ball 1-0: Ball 2-0: Called Strike 2-1: Fly out, F7 (Line Drive, 7, EV 96.9 MPH)
|
Batting: RHB Eric Chotkowski
|
0-0: SINGLE (Line Drive, 34D, EV 94.4 MPH)
|
Batting: LHB Josh Corkery
|
0-0: Foul Ball, location: 2F 0-1: Fly out, F7 (Line Drive, 78M, EV 109.4 MPH)
|
Top of the 2nd over - 0 runs, 1 hit, 0 errors, 1 left on base; Houston 0 - Boston 2 |
BOTTOM OF THE 2ND |
Boston Red Sox batting - Pitching for Houston Astros : LHP Lance Crumpton
|
Batting: RHB Elijah Campbell
|
0-0: Ball 1-0: Foul Ball, location: 2F 1-1: Ball 2-1: Called Strike 2-2: Ball 3-2: Foul Ball, location: 2F 3-2: Base on Balls
|
Batting: RHB Nick Esteves
|
0-0: Called Strike 0-1: Ball 1-1: Foul Ball, location: 2F 1-2: Ball 2-2: Foul Ball, location: 2F 2-2: Grounds into double play, 6-4-3 (Groundball, 6, EV 105.6 MPH)
|
Batting: RHB Ray Llewellyn
|
0-0: Ball 1-0: Foul Ball, location: 2F 1-1: Ground out U3 (Groundball, 3S, EV 83.8 MPH)
|
Bottom of the 2nd over - 0 runs, 0 hits, 0 errors, 0 left on base; Houston 0 - Boston 2 |
TOP OF THE 3RD |
Houston Astros batting - Pitching for Boston Red Sox : RHP Jeremy Hernandez
|
Batting: LHB Mark Dearth
|
0-0: SINGLE (Line Drive, 5D, EV 98.8 MPH)
|
Batting: SHB Joe Gardner
|
0-0: Ball 1-0: Ball 2-0: Swinging Strike 2-1: Ball 3-1: Called Strike 3-2: Strikes out swinging
|
Batting: LHB Bob Govella
|
0-0: Ball 1-0: Ball 2-0: Called Strike 2-1: Ball 3-1: Base on Balls Mark Dearth to second
|
Batting: RHB Hiroshige Yamada
|
0-0: Swinging Strike 0-1: SINGLE (Groundball, 56D, EV 95.0 MPH) Mark Dearth to third Bob Govella to second
|
Batting: LHB Eric Katz
|
0-0: Swinging Strike 0-1: Foul Ball, location: 2F 0-2: Strikes out swinging
|
Batting: LHB Bryce Hill
|
0-0: Ball 1-0: Fly out, F8 (Flyball, 8LD, EV 91.9 MPH)
|
Top of the 3rd over - 0 runs, 2 hits, 0 errors, 3 left on base; Houston 0 - Boston 2 |
BOTTOM OF THE 3RD |
Boston Red Sox batting - Pitching for Houston Astros : LHP Lance Crumpton
|
Batting: RHB John Chiesa
|
0-0: Ball 1-0: Called Strike 1-1: Ball 2-1: Fly out, F7 (Flyball, 7LSF, EV 96.9 MPH)
|
Batting: RHB Alois Wollf
|
0-0: Ball 1-0: Fly out, F8 (Flyball, 8RD, EV 82.5 MPH)
|
Batting: RHB Andrew Robinson
|
0-0: Called Strike 0-1: Fly out, F8 (Flyball, 8LD, EV 106.2 MPH)
|
Bottom of the 3rd over - 0 runs, 0 hits, 0 errors, 0 left on base; Houston 0 - Boston 2 |
TOP OF THE 4TH |
Houston Astros batting - Pitching for Boston Red Sox : RHP Jeremy Hernandez
|
Batting: RHB Jeremy Trump
|
0-0: Ball 1-0: Ball 2-0: Ball 3-0: Base on Balls
|
Batting: RHB Eric Chotkowski
|
0-0: Ball 1-0: DOUBLE (Line Drive, 7D, EV 96.9 MPH) Jeremy Trump to third
|
Batting: LHB Josh Corkery
|
0-0: Called Strike 0-1: Swinging Strike 0-2: Ball 1-2: Ball 2-2: Ball 3-2: Strikes out swinging
|
Batting: LHB Mark Dearth
|
0-0: Ball 1-0: Ball 2-0: Called Strike 2-1: Swinging Strike 2-2: SINGLE (Groundball, 34D, EV 96.9 MPH) Jeremy Trump scores Eric Chotkowski to third Runner from 3rd tries for Home, SAFE, throw by RF to home
|
Batting: SHB Joe Gardner
|
0-0: SINGLE (Line Drive, 7S, EV 103.1 MPH) Mark Dearth to second
|
Batting: LHB Bob Govella
|
0-0: Ball 1-0: Called Strike 1-1: Grounds into double play, 6-4-3 (Groundball, 6, EV 93.8 MPH)
|
Top of the 4th over - 2 runs, 3 hits, 0 errors, 1 left on base; Houston 2 - Boston 2 |
BOTTOM OF THE 4TH |
Boston Red Sox batting - Pitching for Houston Astros : LHP Lance Crumpton
|
Batting: RHB David Price Jr.
|
0-0: Ball 1-0: Ball 2-0: Foul Ball, location: 2F 2-1: Foul Ball, location: 2F 2-2: Ball 3-2: Strikes out looking
|
Batting: RHB Jose Diaz
|
0-0: Fly out, F7 (Line Drive, 7, EV 91.2 MPH)
|
Batting: LHB Kevin McCormic Jr.
|
0-0: Ball 1-0: Swinging Strike 1-1: Foul Ball, location: 2F 1-2: Ball 2-2: Foul Ball, location: 2F 2-2: SINGLE (Line Drive, 4M, EV 106.2 MPH)
|
Batting: RHB Elijah Campbell
|
0-0: Foul Ball, location: 2F 0-1: Swinging Strike 0-2: Strikes out looking
|
Bottom of the 4th over - 0 runs, 1 hit, 0 errors, 1 left on base; Houston 2 - Boston 2 |
TOP OF THE 5TH |
Houston Astros batting - Pitching for Boston Red Sox : RHP Jeremy Hernandez
|
Batting: RHB Hiroshige Yamada
|
0-0: Called Strike 0-1: Ground out 6-3 (Groundball, 6, EV 89.4 MPH)
|
Batting: LHB Eric Katz
|
0-0: Called Strike 0-1: Ball 1-1: Swinging Strike 1-2: Strikes out swinging
|
Batting: LHB Bryce Hill
|
0-0: Ball 1-0: Called Strike 1-1: Foul Ball, location: 2F 1-2: Strikes out looking
|
Top of the 5th over - 0 runs, 0 hits, 0 errors, 0 left on base; Houston 2 - Boston 2 |
BOTTOM OF THE 5TH |
Boston Red Sox batting - Pitching for Houston Astros : LHP Lance Crumpton
|
Batting: RHB Nick Esteves
|
0-0: Ball 1-0: Ball 2-0: Ground out 3-1 (Groundball, 34S, EV 85.0 MPH)
|
Batting: RHB Ray Llewellyn
|
0-0: Fly out, F8 (Flyball, 8RD, EV 90.6 MPH)
|
Batting: RHB John Chiesa
|
0-0: Ball 1-0: Ball 2-0: Ball 3-0: Base on Balls
|
Batting: RHB Alois Wollf
|
0-0: Ball 1-0: Ball 2-0: Ball 3-0: Called Strike 3-1: Ground out U3 (Groundball, 3, EV 81.2 MPH)
|
Bottom of the 5th over - 0 runs, 0 hits, 0 errors, 1 left on base; Houston 2 - Boston 2 |
TOP OF THE 6TH |
Houston Astros batting - Pitching for Boston Red Sox : RHP Jeremy Hernandez
|
Batting: RHB Jeremy Trump
|
0-0: Ball 1-0: Foul Ball, location: 2F 1-1: Called Strike 1-2: Strikes out looking
|
Batting: RHB Eric Chotkowski
|
0-0: Foul Ball, location: 2F 0-1: DOUBLE (Line Drive, 7LM, EV 95.6 MPH)
|
Batting: LHB Josh Corkery
|
0-0: Swinging Strike 0-1: Ball 1-1: Called Strike 1-2: Strikes out swinging
|
Pitching: RHP Jon Mercado
|
|
Batting: LHB Mark Dearth
|
0-0: Ball 1-0: Foul Ball, location: 2F 1-1: Ball 2-1: Foul Ball, location: 2F 2-2: Foul Ball, location: 2F 2-2: Strikes out swinging
|
Top of the 6th over - 0 runs, 1 hit, 0 errors, 1 left on base; Houston 2 - Boston 2 |
BOTTOM OF THE 6TH |
Boston Red Sox batting - Pitching for Houston Astros : LHP Lance Crumpton
|
Batting: RHB Andrew Robinson
|
0-0: Foul Ball, location: 2F 0-1: Ball 1-1: Foul Ball, location: 2F 1-2: Strikes out swinging
|
Batting: RHB David Price Jr.
|
0-0: Ball 1-0: Called Strike 1-1: Called Strike 1-2: Ball 2-2: Foul Ball, location: 2F 2-2: Strikes out looking
|
Batting: RHB Jose Diaz
|
0-0: Ball 1-0: Foul Ball, location: 2F 1-1: SOLO HOME RUN (Line Drive, 7D, EV 105.6 MPH), Distance : 441 ft
|
Batting: LHB Kevin McCormic Jr.
|
0-0: Ball 1-0: Foul Ball, location: 2F 1-1: Ground out U3 (Groundball, 3L, EV 85.0 MPH)
|
Bottom of the 6th over - 1 run, 1 hit, 0 errors, 0 left on base; Houston 2 - Boston 3 |
TOP OF THE 7TH |
Houston Astros batting - Pitching for Boston Red Sox : RHP Jon Mercado
|
Batting: SHB Joe Gardner
|
0-0: Ball 1-0: Called Strike 1-1: Foul Ball, location: 2F 1-2: Ground out 6-3 (Groundball, 6, EV 81.2 MPH)
|
Batting: LHB Bob Govella
|
0-0: Called Strike 0-1: Called Strike 0-2: Ball 1-2: DOUBLE (Flyball, 78D, EV 105.0 MPH)
|
Batting: RHB Hiroshige Yamada
|
0-0: Ball 1-0: Called Strike 1-1: Ball 2-1: Foul Ball, location: 2F 2-2: Foul Ball, location: 2F 2-2: Foul Ball, location: 2F 2-2: Foul Ball, location: 2F 2-2: Strikes out swinging
|
Batting: LHB Eric Katz
|
0-0: Ball 1-0: Ball 2-0: Called Strike 2-1: Ball 3-1: Base on Balls
|
Batting: LHB Bryce Hill
|
0-0: Ball 1-0: Ball 2-0: Called Strike 2-1: Foul Ball, location: 2F 2-2: Ball 3-2: Ground out 6-3 (Groundball, 6, EV 94.4 MPH)
|
Top of the 7th over - 0 runs, 1 hit, 0 errors, 2 left on base; Houston 2 - Boston 3 |
BOTTOM OF THE 7TH |
Boston Red Sox batting - Pitching for Houston Astros : LHP Lance Crumpton
|
Batting: RHB Elijah Campbell
|
0-0: Ball 1-0: Called Strike 1-1: Swinging Strike 1-2: Ball 2-2: Strikes out swinging
|
Batting: RHB Nick Esteves
|
0-0: Ball 1-0: Fly out, F8 (Flyball, 8RM, EV 84.4 MPH)
|
Batting: RHB Ray Llewellyn
|
0-0: Swinging Strike 0-1: Called Strike 0-2: Strikes out looking
|
Bottom of the 7th over - 0 runs, 0 hits, 0 errors, 0 left on base; Houston 2 - Boston 3 |
TOP OF THE 8TH |
Houston Astros batting - Pitching for Boston Red Sox : RHP Jon Mercado
|
Pitching: LHP Danny Schneible
|
|
Batting: RHB Jeremy Trump
|
0-0: Fly out, F8 (Flyball, 89M, EV 92.5 MPH)
|
Batting: RHB Eric Chotkowski
|
0-0: Ball 1-0: Foul Ball, location: 2F 1-1: Called Strike 1-2: Foul Ball, location: 2F 1-2: Strikes out looking
|
Batting: LHB Josh Corkery
|
0-0: Ball 1-0: Ball 2-0: Foul Ball, location: 2F 2-1: Ground out 4-3 (Groundball, 4, EV 88.8 MPH)
|
Top of the 8th over - 0 runs, 0 hits, 0 errors, 0 left on base; Houston 2 - Boston 3 |
BOTTOM OF THE 8TH |
Boston Red Sox batting - Pitching for Houston Astros : LHP Lance Crumpton
|
Batting: RHB John Chiesa
|
0-0: Ball 1-0: Swinging Strike 1-1: Foul Ball, location: 2F 1-2: Strikes out swinging
|
Pitching: RHP Josh Sandoval
|
|
Batting: RHB Alois Wollf
|
0-0: Ball 1-0: Foul Ball, location: 2F 1-1: Ball 2-1: Ball 3-1: Foul Ball, location: 2F 3-2: Ground out 6-3 (Groundball, 56D, EV 106.9 MPH)
|
Batting: RHB Andrew Robinson
|
0-0: Ball 1-0: Fly out, F2 (Popup, 2R, EV 91.2 MPH)
|
Bottom of the 8th over - 0 runs, 0 hits, 0 errors, 0 left on base; Houston 2 - Boston 3 |
TOP OF THE 9TH |
Houston Astros batting - Pitching for Boston Red Sox : LHP Danny Schneible
|
Pitching: RHP Guadalupe Vasguez
|
|
Batting: LHB Mark Dearth
|
0-0: Called Strike 0-1: Swinging Strike 0-2: Foul Ball, location: 2F 0-2: Strikes out swinging
|
Batting: SHB Joe Gardner
|
0-0: Foul Ball, location: 2F 0-1: Foul Ball, location: 2F 0-2: Ball 1-2: Strikes out swinging
|
Batting: LHB Bob Govella
|
0-0: Ball 1-0: Ball 2-0: Fly out, F7 (Flyball, 7D, EV 81.2 MPH)
|
Top of the 9th over - 0 runs, 0 hits, 0 errors, 0 left on base; Houston 2 - Boston 3 |
|